 Dungeon Crawl Stone Soup version 0.21.1-1-g345015f (webtiles) character file.

119 shakethe the Chopper (level 5, 0/45 HPs)
             Began as a Hill Orc Gladiator on Feb 26, 2018.
             Killed by nerve-wracking pain
             ... invoked by an orc priest
              (13 damage)
             ... on level 3 of the Dungeon.
             The game lasted 00:02:41 (1851 turns).

shakethe the Chopper (Hill Orc Gladiator)           Turns: 1851, Time: 00:02:42

Health: 0/45       AC: 11    Str: 17    XL:     5   Next: 3%
Magic:  5/5        EV:  7    Int:  9    God:
Gold:   192        SH:  3    Dex: 12    Spells: 4/4 levels left

rFire    . . .     SeeInvis .   a - +0 war axe
rCold    . . .     Gourm    .   o - +0 buckler
rNeg     . . .     Faith    .   h - +0 chain mail
rPois    .         Spirit   .   c - +0 helmet
rElec    .         Reflect  .   r - +0 cloak
rCorr    .         Harm     .   (no gloves)
MR       .....                  b - +0 pair of boots
Stlth    ..........             (no amulet)
HPRegen  0.15/turn              (no ring)
MPRegen  0.09/turn              (no ring)

@: no status effects
A: no striking features
a: Convert to Beogh


You were on level 3 of the Dungeon.
You were not hungry.

You visited 1 branch of the dungeon, and saw 3 of its levels.

You collected 192 gold pieces.

Inventory:

Hand Weapons
 a - a +0 war axe (weapon)
Missiles
 d - 3 throwing nets {=f, !d}
Armour
 b - a +0 pair of boots (worn)
   (You found it on level 1 of the Dungeon)
 c - a +0 helmet (worn)
 h - a +0 chain mail (worn)
   (You found it on level 1 of the Dungeon)
 o - a +0 buckler (worn)
   (You took it off a goblin on level 2 of the Dungeon)
 r - a +0 cloak (worn)
   (You found it on level 2 of the Dungeon)
Jewellery
 m - an uncursed ring of ice {rC+, rF-}
   (You found it on level 2 of the Dungeon)
Scrolls
 e - 4 scrolls of identify {unknown}
 g - a scroll of remove curse {unknown}
 j - 2 scrolls of enchant armour {unknown}
 k - 4 scrolls of magic mapping {unknown}
 l - 2 scrolls of teleportation {unknown}
 n - a scroll of random uselessness {unknown}
Potions
 i - a potion of magic {unknown}
 q - a potion of agility {unknown}
Comestibles
 f - 4 rations


   Skills:
 + Level 3.6 Fighting
 * Level 5.8 Axes
 - Level 1.7 Throwing
 + Level 1.8 Armour
 - Level 2.4 Dodging
 + Level 1.1 Shields


You had 4 spell levels left.
You didn't know any spells.

Dungeon Overview and Level Annotations

Branches:
Dungeon (3/15)

Altars:
Fedhas
Makhleb


Message History

You hit something. Something hits you but does no damage.
You block the orc's attack.
You closely miss the orc. You closely miss something.
Something hits you but does no damage. The orc hits you.
You take 2 damage, and have 35/38 hp.
You hit the orc. You closely miss something. Something hits you.
The orc barely misses you.
You take 1 damage, and have 34/38 hp.
You closely miss the orc. You miss something.
Something hits you but does no damage. The orc hits you but does no damage.
You slash the orc!
You kill the orc!
You barely miss something.
Something hits you but does no damage. x2
No target in view!
No target in view!
No target in view!
No target in view!
Something hits you.
Items here: )) [ † a flail; a dagger of speed; a ring mail; an orc corpse You take 1 damage, and have 33/38 hp.
You closely miss something. Something hits you but does no damage.
You hit something. You block something's attack.
You miss something. Something hits you but does no damage.
You closely miss something.
Something hits you but does no damage. x2
You closely miss something. Something hits you but does no damage.
You slash something!
Reactivating autopickup.
Your Shields skill increases to level 1!
You feel a bit more experienced.
Items here: ( ) [[ † a dagger; a robe; a leather armour; 22 sling bullets; an orc corpse
Items here: )) [ † a flail; a dagger of speed; a ring mail; an orc corpse You open the door.
A goblin and 3 orcs come into view.
The goblin shouts!
The orc shouts! x2; You hear a shout!
You barely miss the goblin. The goblin hits you but does no damage.
An orc priest comes into view. It is wielding a dagger.
The orc priest shouts, "Beogh is our master!
Accept the truth or die!" (press Y on the ability menu to convert to Beogh)
You slash the goblin!
You kill the goblin!
The orc barely misses you.
Your chain mail prevents you from hitting the orc.
The orc completely misses you.
An orc comes into view. It is wielding a dagger.
The orc priest shouts, "Surrender to Beogh and we'll let you live!"
The orc shouts!
You hit the orc but do no damage. You block the orc's attack.
The orc hits you but does no damage.
You slash the orc!
You kill the orc!
You have reached level 5!
You feel stronger. You block the orc's attack.
You regained 6 hp, and now have 44/45 hp.
MP restored: 5 You slash the orc!
You kill the orc!
The orc priest mumbles some strange prayers to Beogh against you.
Beogh smites you! The orc barely misses you.
You take 11 damage, and have 33/45 hp.
MASSIVE DAMAGE!!
The orc priest casts a cantrip, but nothing happens.
The orc barely misses you.
There is an open door here.
Things that are here:
a hand axe; a flail; a dagger You hit the orc priest.
You hit the orc.
Your chain mail prevents you from hitting the orc.
The orc barely misses you.
The orc priest hits you but does no damage.
The orc hits you with a trident. The orc completely misses you.
You block the orc priest's attack.
You take 5 damage, and have 28/45 hp.
Your chain mail prevents you from hitting the orc priest.
Your shield and chain mail prevent you from hitting the orc.
You closely miss the orc. The orc hits you with a trident!
The orc hits you with a dagger. The orc priest barely misses you.
You take 9 damage, and have 19/45 hp.
You are too injured to fight recklessly!
You are too injured to fight recklessly!
You are too injured to fight recklessly!
Unknown command.
Your shield prevents you from hitting the orc priest.
The orc priest threatens, "By the altar or by the axe, you will meet Beogh!"
You hit the orc. You hit the orc but do no damage.
The orc hits you with a trident. The orc hits you but does no damage.
The orc priest shouts, "Beogh is our master!
Accept the truth or die!"
The orc priest hits you with a dagger.
The orc priest shouts, "Join the one true god or die!"
You take 5 damage, and have 14/45 hp.
You slash the orc priest! You barely miss the orc. You hit the orc.
You kill the orc!
The orc hits you with a trident.
* * * LOW HITPOINT WARNING * * *
The orc priest invokes the aid of Beogh against you.
Pain shoots through your body!
You die...

#
########†######>........#
# #........###.###.#
##### #.######.# #.###.#
....# ##+# #.# #.....#
....# #...# #.# ####..##
<...# .....# #.#####....#
....# ......#
#.....))...# ....#
......o####...#..#.#
......
......o@.............
....###
......)###.......#.###
...## ......# #.#.##....#
##.# .....# #.#########
.# #...# #.# ##+# #.# #.#
#.# #.#


You could see an orc priest and an orc.

Vanquished Creatures
  An orc wizard (D:3)
  2 adders
  A worm (D:2)
  A dart slug (D:1)
  A leopard gecko (D:1)
  8 orcs (D:3)
  A ball python (D:2)
  7 bats
  6 giant cockroaches
  10 goblins
  6 hobgoblins
  A quokka (D:2)
  2 frilled lizards
  3 kobolds (D:2)
  9 rats
59 creatures vanquished.

Notes
Turn   | Place    | Note
-------+----------+-------------------------------------------
     0 | D:1      | shakethe the Hill Orc Gladiator began the quest for the Orb.
     0 | D:1      | Reached XP level 1. HP: 18/18 MP: 1/1
   218 | D:1      | Reached XP level 2. HP: 25/25 MP: 2/2
   365 | D:1      | Reached skill level 3 in Fighting
   367 | D:1      | Reached XP level 3. HP: 29/31 MP: 3/3
   516 | D:1      | Reached skill level 1 in Armour
   624 | D:1      | Reached skill level 5 in Axes
  1260 | D:2      | Reached XP level 4. HP: 37/38 MP: 4/4
  1363 | D:2      | Found a blossoming altar of Fedhas.
  1459 | D:2      | Found a burning altar of Makhleb.
  1533 | D:2      | Noticed an Executioner
  1536 | D:2      | Noticed a smoke demon
  1536 | D:2      | Noticed a ynoxinul
  1828 | D:3      | Reached skill level 1 in Shields
  1845 | D:3      | Reached XP level 5. HP: 43/45 MP: 5/5
  1851 | D:3      | Killed from afar by an orc priest

Skill      XL: |  1  2  3  4 |
---------------+-------------+-----
Fighting       | 3 |  3.6
Armour         | 1 |  1.8
Axes           | 5 |  5.8
Shields        | 1 |  1.1
Throwing       | |  1.7
Dodging        | |  2.4

Action                   |  1- 3 |  4- 6 || total
-------------------------+-------+-------++-------
Melee: War axe           |   119 |    61 ||   180
  Eat: Chunk             |     1 |     2 ||     3
Armor: Scale mail        |     4 |       ||     4
       Leather armour    |     1 |       ||     1
       Chain mail        |    74 |    43 ||   117
Dodge: Dodged            |    50 |    23 ||    73
Block: Buckler           |     3 |    14 ||    17

Vault maps used:
D:1:      lightli_arrival_isolated_outpost, nrook_mini_backslash
D:2:      makhleb_altar_promises_db, fedhas_altar_1
D:3:      uniq_sigmund, uniq_ijyb

Table legend:
 A = Turns spent in this place as a percentage of turns spent in the entire game.
 B = Non-inter-level travel turns spent in this place as a percentage of non-inter-level travel turns spent in the entire game.
 C = Inter-level travel turns spent in this place as a percentage of turns spent in this place.
 D = Turns resting spent in this place as a percentage of non-inter-level travel turns spent in this place.
 E = Turns spent auto-exploring this place as a percentage of non-inter-level travel turns spent in this place.
 F = Non-inter-level travel turns spent in this place divided by the number of levels of this place that you've seen.
                   A       B       C       D       E      F
               +-------+-------+-------+-------+-------+----------------------
         Total | 100.0 | 100.0 |   2.0 |  16.1 |  60.3 | 604.7
       Dungeon | 100.0 | 100.0 |   2.0 |  16.1 |  60.3 | 604.7
               +-------+-------+-------+-------+-------+----------------------

Table legend:
 A = Kills in this place as a percentage of kills in entire the game.
 B = Kills by you in this place as a percentage of kills by you in the entire game.
 C = Kills by friends in this place as a percentage of kills by friends in the entire game.
 D = Other kills in this place as a percentage of other kills in the entire game.
 E = Experience gained in this place as a percentage of experience gained in the entire game.
 F = Experience gained in this place divided by the number of levels of this place that you have seen.
                   A       B       C       D       E      F
               +-------+-------+-------+-------+-------+----------------------
         Total | 100.0 | 100.0 |   N/A |   N/A | 100.0 |  57.0
       Dungeon | 100.0 | 100.0 |   N/A |   N/A | 100.0 |  57.0
               +-------+-------+-------+-------+-------+----------------------
